 Dungeon Crawl Stone Soup version 0.31-a0-981-geadf994542 (webtiles) character file.

Game seed: 3415028254596342017

53 BinkBink the Trooper (level 3, -2/30 HPs)
             Began as a Merfolk Fighter on Oct 31, 2023.
             Was an Initiate of Qazlal.
             Slain by Terence
             ... wielding a +2 hand axe of flaming
              (4 damage)
             ... on level 3 of the Dungeon.
             The game lasted 00:01:51 (2028 turns).

BinkBink the Trooper (Merfolk Fighter)              Turns: 2028, Time: 00:01:51

Health: -2/30      AC:  6    Str: 16    XL:     3   Next: 89%
Magic:  3/3        EV:  9    Int:  7    God:    Qazlal [......]
Gold:   157        SH:  5    Dex: 15    Spells: 2/2 levels left

rFire   . .          .
                       - Unarmed
rCold   . . .        b - +0 buckler
rNeg    . . .        a - +0 scale mail
rPois   .            (no helmet)
rElec   .            (no cloak)
rCorr   .            (no gloves)
SInv    .            (no boots)
Will    .....        (no amulet) Stlth
                     (no ring)
HPRegen 0.25/turn    (no ring)
MPRegen 0.08/turn

%: no passive effects
@: mighty
A: (nimble swimmer 2), mertail
a: Renounce Religion


You were on level 3 of the Dungeon.
You worshipped Qazlal.
Qazlal was noncommittal.
You visited 1 branch of the dungeon, and saw 3 of its levels.

You collected 157 gold pieces.

Inventory:

Armour
 a - a +0 scale mail (worn)
 b - a +0 buckler (worn)
 e - a +0 plate armour
Scrolls
 g - a scroll of brand weapon {unknown}
 i - a scroll of noise {unknown}
 j - 2 scrolls of amnesia {unknown}
 k - 2 scrolls of identify {unknown}
 l - 2 scrolls of teleportation {unknown}
 m - a scroll of poison {unknown}
 o - a scroll of immolation {unknown}
 p - a scroll of revelation {unknown}
Potions
 d - a potion of attraction {unknown}
 f - a potion of magic {unknown}
 h - 2 potions of ambrosia {unknown}
 n - a potion of enlightenment {unknown}


   Skills:
 + Level 3.7 Fighting
 + Level 2.4 Armour
 + Level 1.7 Dodging
 + Level 3.3 Shields
 + Level 2.7 Unarmed Combat


You had 2 spell levels left.
You didn't know any spells.
Your spell library contained the following spells:

 Spells                   Type           Power      Damage    Failure   Level
 Shock                    Conj/Air       0%         1d3       91%         1
 Swiftness                Air            0%         N/A       100%        3
 Volatile Blastmotes      Fire/Tloc      0%         2d10      100%        3
 Airstrike                Air            0%         2d(0-16)  100%        4
 Fulminant Prism          Conj/Hex       0%         3d5       100%        4
 Iskenderun's Mystic Bla  Conj/Tloc      0%         2d3       100%        4


Dungeon Overview and Level Annotations

Branches:
Dungeon (3/15)

Altars:
Qazlal

Annotations:
D:3 Terence


Innate Abilities, Weirdness & Mutations

((You are very nimble when in or above water. (Stealth+, EV+, Speed+++)))
Your lower body shifts to a powerful aquatic tail in water.


Message History

You now have 157 gold pieces (gained 18).
Terence the Incautious comes into view.
He is wielding a +2 hand axe of flaming.
Terence shouts!
You hear a shout!
An orc comes into view. It is wielding a +0 hand axe.
There are monsters nearby!
There are monsters nearby!
There are monsters nearby!
The orc shouts!
You hear a shout!
An orc comes into view. It is wielding a +0 hand axe.
You see here a scroll labelled GUCEMU YTWA.
An orc comes into view. It is wielding a +0 falchion.
You closely miss Terence. You block Terence's attack.
You barely miss Terence.
A jackal comes into view.
You block Terence's attack.
You barely miss Terence.
Terence hits you with a +2 hand axe of flaming.
Terence burns you.
You completely miss Terence. Terence closely misses you.
You hit Terence but do no damage. Terence misses you.
You hit Terence.
Terence is lightly wounded.
Terence hits you with a +2 hand axe of flaming.
Terence burns you.
You are too injured to fight recklessly!
You are too injured to fight recklessly!
You hit Terence but do no damage.
Terence is lightly wounded.
Terence hits you with a +2 hand axe of flaming.
Terence burns you.
You hit Terence but do no damage.
Terence is lightly wounded.
Terence hits you with a +2 hand axe of flaming!
* * * LOW HITPOINT WARNING * * *
Terence burns you.
* * * LOW HITPOINT WARNING * * *
You feel very mighty all of a sudden. Terence looks scornfully at you.
Terence hits you with a +2 hand axe of flaming.
You die... ....# #... .... #..# ##h.# ooo

#@# #@# # #.# .. #.#
#..####.#########
#.............>.###.###
........#####.........#
######..####....###.#.#
#.......#..<...#.##
#.#####....#####.##


You could see Terence, 3 orcs and a jackal.

Vanquished Creatures
  3 worms
  A dart slug (D:2)
  6 bats
  7 endoplasms
  2 giant cockroaches (D:1)
  3 goblins
  3 hobgoblins
  3 kobolds (D:1)
  A quokka (D:2)
  2 ball pythons
  A frilled lizard (D:1)
  7 rats
39 creatures vanquished.

Notes
Turn   | Place    | Note
-------+----------+-------------------------------------------
     0 | D:1      | BinkBink the Merfolk Fighter began the quest for the Orb.
     0 | D:1      | Reached XP level 1. HP: 18/18 MP: 1/1
    10 | D:1      | Noticed a bullfrog
   110 | D:1      | Reached XP level 2. HP: 23/24 MP: 2/2
   246 | D:1      | Reached skill level 1 in Dodging
   526 | D:1      | Reached XP level 3. HP: 24/29 MP: 3/3
  1958 | D:3      | Found a stormy altar of Qazlal.
  1984 | D:3      | Became a worshipper of Qazlal Stormbringer
  2015 | D:3      | Noticed Terence
  2028 | D:3      | Slain by Terence

Illustrated notes

Levels and vault maps discovered:
D:1:      evilmike_arrival_come_back, layout_basic,
          chequers_serial_rivers_micro_d
D:2:      layout_loops_corners
D:3:      layout_loops_ring, mainiacjoe_overflow_surrounded_room,
          xom_confusion_cloud, dreamdust_mushroom_princess, minmay_door_square,
          st_stairs_12, uniq_terence

Skill      XL: |  1  2 |
---------------+-------+-----
Dodging        | 1 |  1.7
Fighting       | |  3.7
Armour         | |  2.4
Shields        | |  3.3
Unarmed Combat | |  2.7

Action                     || total
---------------------------++-------
  Melee: Unarmed           ||   164
    Use: Potion            ||     1
 Armour: Scale mail        ||    82
  Dodge: Dodged            ||    59
  Block: Buckler           ||    32

Table legend: (Time is in decaauts)
 A = Elapsed time spent in this place.
 B = Non-inter-level travel time spent in this place.
 C = Inter-level travel time spent in this place.
 D = Time resting spent in this place.
 E = Time spent auto-exploring this place.
 F = Levels seen in this place.
 G = Mean time per level.
                   A        B        C        D        E       F      G
               +--------+--------+--------+--------+--------+-----+--------+
         Total |   2027 |   1931 |     96 |      0 |   1601 |   3 |  675.7 |
       Dungeon |   2027 |   1931 |     96 |      0 |   1601 |   3 |  675.7 |
               +--------+--------+--------+--------+--------+-----+--------+

Top non-repeatable levels by time:
     D:2: 882 daAuts
     D:1: 877 daAuts
     D:3: 266 daAuts
